 Dungeon Crawl Stone Soup version 0.25-a0-10-g2fe12d4386 (webtiles) character file.

Game seed: 4372788188786037606, levelgen mode: deterministic

95 DavidChitty2 the Firebug (level 4, -1/36 HPs)
             Began as a Draconian Fire Elementalist on Oct 15, 2019.
             Slain by an orc wizard
             ... wielding a +0 dagger
              (4 damage)
             ... on level 3 of the Dungeon.
             The game lasted 00:08:08 (2998 turns).

DavidChitty2 the Firebug (DrFE)                     Turns: 2998, Time: 00:08:08

Health: -1/36      AC:  6    Str: 11    XL:     4   Next: 40%
Magic:  0/7        EV: 12    Int: 16    God:
Gold:   160        SH:  0    Dex: 11    Spells: 2/8 levels left

rFire    + . .     SeeInvis .   a - +0 short sword
rCold    + . .     Gourm    .   (no shield)
rNeg     . . .     Faith    .   (armour unavailable)
rPois    .         Spirit   .   (helmet restricted)
rElec    .         Reflect  .   o - scarf {rC+ rF+}
rCorr    .         Harm     .   (no gloves)
MR       .....                  g - +0 pair of boots
Stlth    +.........             (no amulet)
HPRegen  0.12/turn              (no ring)
MPRegen  0.10/turn              (no ring)

@: confused
A: unfitting armour, cold-blooded, AC +5
a: no special abilities


You were on level 3 of the Dungeon.
You were hungry.

You visited 1 branch of the dungeon, and saw 3 of its levels.

You collected 160 gold pieces.

Inventory:

Hand Weapons
 a - a +0 short sword (weapon)
   (You found it on level 1 of the Dungeon)
 b - a +0 hunting sling
   (You found it on level 1 of the Dungeon)
 d - a +0 falchion
   (You found it on level 3 of the Dungeon)
Missiles
 h - 32 stones (quivered)
Armour
 g - a +0 pair of boots (worn)
   (You found it on level 1 of the Dungeon)
 j - a +2 buckler
   (You found it on level 1 of the Dungeon)
 o - a scarf of resistance (worn)
   (You found it on level 2 of the Dungeon)
Jewellery
 p - an uncursed ring of protection from fire {unknown}
   (You found it on level 2 of the Dungeon)
 q - an uncursed ring of protection from fire {unknown}
   (You found it on level 3 of the Dungeon)
Scrolls
 f - 2 scrolls of identify {unknown}
 k - a scroll of magic mapping {unknown}
 m - a scroll of remove curse {unknown}
 n - a scroll of immolation {unknown}
Potions
 c - a potion of flight {unknown}
 i - a potion of lignification {unknown}
 l - a potion of curing {unknown}
Comestibles
 e - 6 rations {!d}
 r - 4 chunks of flesh


   Skills:
 + Level 1.7 Fighting
 - Level 1.7 Dodging
 - Level 1.7 Stealth
 + Level 2.6 Spellcasting
 + Level 2.0 Conjurations
 * Level 4.0 Fire Magic


You had 2 spell levels left.
You knew the following spells:

 Your Spells              Type           Power        Failure   Level  Hunger
a - Flame Tongue          Conj/Fire      ##...        5%          1    #......
d - Conjure Flame         Conj/Fire      ##......     17%         3    ###....
x - Throw Flame           Conj/Fire      ##....       9%          2    ##.....

Your spell library contained the following spells:

 Spells                   Type           Power        Failure   Level  Hunger
 Inner Flame              Hex/Fire       #.......     26%         3    ###....
 Sticky Flame             Conj/Fire      ##......     50%         4    #####..
 Fireball                 Conj/Fire      ##........   83%         5    ######.


Dungeon Overview and Level Annotations

Branches:
Dungeon (3/15)

Altars:
Okawaru

Portals:
Sewer: D:3


Innate Abilities, Weirdness & Mutations

Your plain brown scales are hard. (AC +5)
You cannot fit into any form of body armour.
You are cold-blooded and may be slowed by cold attacks.


Message History

Something hits you!
* * * LOW HITPOINT WARNING * * *
You miss something.
Your tail-slap misses something.
Something hits you but does no damage. Something barely misses you.
You barely miss something.
You are feeling hungry.
You hear some strange, mumbled words.
A puff of flame appears from out of thin air!
The puff of flame hits you. You resist.
* * * LOW HITPOINT WARNING * * *
Something hits you.
* * * LOW HITPOINT WARNING * * *
You miss something. Something hits you but does no damage.
Your magical contamination has completely faded away.
You hit something but do no damage. Something hits you but does no damage.
You barely miss something.
Your tail-slap misses something.
You hear some strange, mumbled words.
A magic dart appears from out of thin air!
The magic dart hits you.
* * * LOW HITPOINT WARNING * * *
You miss something.
An orc wizard appears from thin air!
Reactivating autopickup.
The orc wizard hits you but does no damage.
Unknown command.
You barely miss the orc wizard.
The orc wizard mumbles some strange words.
The orc wizard flickers and vanishes!
Deactivating autopickup; reactivate with Ctrl-A.
You completely miss something.
Your tail-slap misses something.
Something hits you.
* * * LOW HITPOINT WARNING * * *
You miss something. Something hits you but does no damage.
You barely miss something. Something hits you but does no damage.
Something hits you but does no damage.
You closely miss something.
You hear some strange, mumbled words.
You are confused.
You completely miss something.
Your tail-slap misses something.
Something hits you.
* * * LOW HITPOINT WARNING * * *
Something hits you but does no damage.
Some of the chunks of flesh in your inventory have rotted away.
You completely miss something. Something hits you.
You die...

#.........#
####.######
#.# #.#
########.#
.........#
########.#
#.####
#@{[(#
####(# #(#
#.#
#.####(####
#.....(...#
#####(###(.#
... .# .(#o.
.#


There were no monsters in sight!

Vanquished Creatures
  3 adders
  5 worms
  3 dart slugs
  2 leopard geckos (D:2)
  4 orcs (D:3)
  3 ball pythons (D:3)
  5 bats
  A goblin (D:3)
  7 hobgoblins
  2 kobolds
  2 quokkas (D:2)
  3 frilled lizards
  3 rats
43 creatures vanquished.

Notes
Turn   | Place    | Note
-------+----------+-------------------------------------------
     0 | D:1      | DavidChitty2 the Draconian Fire Elementalist began the
                  | quest for the Orb.
     0 | D:1      | Reached XP level 1. HP: 14/14 MP: 3/3
   355 | D:1      | Reached XP level 2. HP: 22/22 MP: 3/5
   380 | D:1      | Learned a level 2 spell: Throw Flame
  1027 | D:2      | Reached skill level 1 in Fighting
  1416 | D:2      | Reached XP level 3. HP: 25/28 MP: 0/6
  2135 | D:2      | Learned a level 3 spell: Conjure Flame
  2659 | D:3      | Reached XP level 4. HP: 29/35 MP: 0/7
  2837 | D:3      | Reached skill level 4 in Fire Magic
  2903 | D:3      | Found an iron altar of Okawaru.
  2937 | D:3      | Found a glowing drain.
  2998 | D:3      | Slain by an orc wizard

Levels and vault maps discovered:
D:1:      nicolae_arrival_somewhat_less_tricky_arrival, layout_basic
D:2:      layout_loops_corners
D:3:      layout_basic, lemuel_doored_altar, chequers_ecumenical_altar_island,
          cheibrodos_sewer_entry_drain, uniq_terence

Skill      XL: |  1  2  3  4 |
---------------+-------------+-----
Fighting       | 1 |  1.7
Fire Magic     | 4 |  4.0
Conjurations   | 2 |  2.0
Dodging        | |  1.7
Stealth        | |  1.7
Spellcasting   | |  2.6

Action                   |  1- 3 |  4- 6 || total
-------------------------+-------+-------++-------
Melee: Short sword       |     6 |    19 ||    25
 Fire: Hunting sling     |    54 |    40 ||    94
 Cast: Flame Tongue      |    43 |    17 ||    60
       Throw Flame       |     6 |     1 ||     7
  Eat: Chunk             |     5 |     2 ||     7
Armor: Skin              |    15 |    18 ||    33
Dodge: Dodged            |    29 |     8 ||    37

Table legend:
 A = Non-vault XP
 B = Vault XP
 C = Vault XP percentage of total XP
 D = Non-vault monster count
 E = Vault monster count
 F = Vault count percentage of total count
                 A         B        C        D         E       F
            +---------+---------+-------+---------+---------+-------
      Total |     129 |       8 |   5.8 |      40 |       3 |   7.0
            +---------+---------+-------+---------+---------+-------
        D:1 |      17 |       0 |   0.0 |       7 |       0 |   0.0
        D:2 |      69 |       0 |   0.0 |      19 |       0 |   0.0
        D:3 |      43 |       8 |  15.7 |      14 |       3 |  17.6
            +---------+---------+-------+---------+---------+-------
